 Dungeon Crawl Stone Soup version 0.22.1-5-g62c59d9 (webtiles) character file.

407 Kairos the Chopper (level 6, -4/32 HPs)
             Began as a Vine Stalker Fighter on Jan 14, 2019.
             Slain by an ogre
             ... wielding a +0 giant club
              (15 damage)
             ... on level 4 of the Dungeon.
             The game lasted 00:03:29 (3382 turns).

Kairos the Chopper (Vine Stalker Fighter)           Turns: 3382, Time: 00:03:30

Health: -4/32      AC: 11    Str: 21    XL:     6   Next: 88%
Magic:  0/7        EV:  6    Int:  8    God:
Gold:   214        SH:  9    Dex: 13    Spells: 5/5 levels left

rFire    . . .     SeeInvis .   a - +0 war axe
rCold    . . .     Gourm    .   c - +0 shield
rNeg     . . .     Faith    .   r - +0 chain mail
rPois    .         Spirit   +   i - +1 hat
rElec    .         Reflect  .   (no cloak)
rCorr    .         Harm     .   n - +0 pair of gloves
MR       .....                  (no boots)
Stlth    ..........             b - amulet of rage
HPRegen  0.50/turn              (no ring)
MPRegen  0.10/turn              (no ring)

@: no status effects
A: fangs 2, regeneration 1, magic shield, antimagic bite, no potion heal 3, rot
immunity
a: Evoke Berserk Rage


You were on level 4 of the Dungeon.
You were not hungry.

You visited 1 branch of the dungeon, and saw 4 of its levels.

You collected 214 gold pieces.

Inventory:

Hand Weapons
 a - a +0 war axe (weapon)
Armour
 c - a +0 shield (worn)
 i - a +1 hat (worn)
 n - a +0 pair of gloves (worn)
 r - a +0 chain mail (worn)
Jewellery
 b - an amulet of rage (around neck)
Wands
 o - a wand of acid (9)
Scrolls
 e - a scroll of identify {unknown}
 h - 3 scrolls of remove curse {unknown}
 j - a scroll of magic mapping {unknown}
 l - a scroll of teleportation {unknown}
 m - 2 scrolls of amnesia {unknown}
 p - a scroll of immolation {unknown}
Potions
 d - 2 potions of might
 g - 3 potions of cancellation
 k - 5 potions of curing {unknown}
 q - 2 potions of flight {unknown}
 t - a potion of mutation {unknown}
Comestibles
 f - 7 rations


   Skills:
 + Level 3.5 Fighting
 + Level 4.6 Axes
 + Level 3.1 Armour
 + Level 1.4 Dodging
 + Level 0.2 Stealth
 + Level 3.6 Shields


You had 5 spell levels left.
You didn't know any spells.
Your spell library was empty.

Dungeon Overview and Level Annotations

Branches:
Dungeon (4/15)
 Temple: D:4-7

Altars:
Fedhas
Makhleb
Qazlal
Uskayaw
Yredelemnul


Innate Abilities, Weirdness & Mutations

You have extremely sharp teeth.
Your natural rate of healing is unusually fast.
When hurt, damage is shared between your health and your magic reserves.
Your bite disrupts and absorbs the magic of your enemies.
Potions cannot restore your health.
You are immune to rotting.


Message History

Your shield and chain mail prevent you from hitting the ogre.
You bite the ogre, but do no damage. The ogre hits you with a giant club!
You hit the ogre but do no damage. The ogre hits you with a giant club.
Your chain mail prevents you from hitting the ogre.
You bite the ogre. You drain its power.
You feel invigorated.
The ogre is lightly wounded.
The ogre hits you with a giant club!
You hit the ogre.
The ogre is lightly wounded.
The ogre hits you but does no damage.
You hit the ogre but do no damage. You bite the ogre. You drain its power.
You feel invigorated.
The ogre is moderately wounded.
The ogre hits you with a giant club!
You are too injured to fight recklessly!
You are too injured to fight recklessly!
You are too injured to fight recklessly!
You are too injured to fight recklessly!
The ogre hits you with a giant club!!
You die...

#.# #.# #.# #.#
###.##### #####
#.......#
#...#######.#.###..
#.............###..
#.@.#######........
##O## #........
.... ##...###.
###.#. ##.## ##
#.#.# #.# #.# ##
#.# #.$ ..# ##+##
####.#.# ##...##
....#.# ##.....##


You could see an ogre.

Vanquished Creatures
  A centaur (D:4)
  2 scorpions
  A worker ant (D:4)
  5 adders
  3 gnolls (D:3)
  2 oozes (D:2)
  An adder skeleton (D:4)
  6 worms (D:2)
  5 leopard geckos
  An orc (D:3)
  7 giant cockroaches
  2 gnoll zombies (D:4)
  10 goblins
  13 hobgoblins
  6 jackals (D:3)
  2 quokkas
  2 ball pythons
  8 bats
  3 frilled lizards
  6 kobolds
  13 rats
99 creatures vanquished.

Notes
Turn   | Place    | Note
-------+----------+-------------------------------------------
     0 | D:1      | Kairos the Vine Stalker Fighter began the quest for the
                  | Orb.
     0 | D:1      | Reached XP level 1. HP: 11/11 MP: 2/2
   179 | D:1      | Reached XP level 2. HP: 12/16 MP: 3/3
   239 | D:1      | Reached skill level 2 in Axes
   615 | D:1      | Found a blossoming altar of Fedhas.
   874 | D:1      | Reached XP level 3. HP: 16/20 MP: 2/4
  1486 | D:2      | Noticed a scorpion
  1492 | D:2      | Gained mutation: Your natural rate of healing is unusually
                  | fast. [Vine Stalker growth]
  1492 | D:2      | Reached XP level 4. HP: 9/24 MP: 1/5
  1493 | D:2      | Reached skill level 3 in Axes
  1669 | D:2      | Reached XP level 5. HP: 19/28 MP: 4/6
  1716 | D:2      | Noticed a hand axe
  1717 | D:2      | Noticed a hand axe
  1721 | D:2      | Found a hide-covered altar of Uskayaw.
  2163 | D:3      | Found a burning altar of Makhleb.
  2203 | D:3      | Reached skill level 1 in Dodging
  2438 | D:3      | Reached skill level 4 in Axes
  2438 | D:3      | Reached XP level 6. HP: 32/32 MP: 5/7
  3124 | D:4      | Found a stormy altar of Qazlal.
  3215 | D:4      | Found a basalt altar of Yredelemnul.
  3382 | D:4      | Slain by an ogre

Skill      XL: |  1  2  3  4  5  6 |
---------------+-------------------+-----
Axes           | 2 3 4 |  4.6
Fighting       | 3 |  3.5
Shields        | 3 |  3.6
Dodging        | 1 |  1.4
Armour         | 3 |  3.1
Stealth        | |  0.2

Action                   |  1- 3 |  4- 6 || total
-------------------------+-------+-------++-------
Melee: War axe           |   108 |   150 ||   258
       Bite              |    36 |    38 ||    74
  Use: Potion            |       |     1 ||     1
  Eat: Chunk             |     1 |     7 ||     8
Armor: Scale mail        |    55 |    60 ||   115
       Chain mail        |       |    23 ||    23
Dodge: Dodged            |    29 |    42 ||    71
Block: Shield            |    52 |    76 ||   128
